Avalanche vs Coyotes
Created - 27 février 2013 at 23:30
Goals
|
| Avalanche |
0 |
2 |
6 |
8 |
| Coyotes |
0 |
1 |
0 |
1 |
|
Shots
|
| Avalanche |
7 |
10 |
12 |
29 |
| Coyotes |
14 |
12 |
13 |
39 |
|
1st period
No Goal
Penalties :
Oleg Kvasha (Col) for Slashing (Minor) at 16:28
2nd period
1. Avalanche , Chuck Kobasew 3 (Rostislav Olesz, Maxim Talbot) at 1:08
2. Coyotes , Tom Poti 6 (Maxim Lapierre) at 5:59
3. Avalanche , Jason Pominville 16 (Ossi Vaananen) at 11:04
Penalties :
Oleg Kvasha (Col) for Holding (Minor) at 3:28, Oleg Kvasha (Col) for Roughing (Minor) at 11:39
3rd period
4. Avalanche , Radim Vrbata 8 (Ryan Smyth, Sami Salo) at 1:32
5. Avalanche , Andrew Ladd 1 (Marc Staal) at 2:40 (PP)
6. Avalanche , Dave Tanabe 4 (Sami Salo, Jason Pominville) at 5:37 (PP)
7. Avalanche , Mike Comrie 15 (Ryan Smyth, Jason Pominville) at 7:43 (PP)
8. Avalanche , Ryan Smyth 21 (Jason Pominville, Mike Comrie) at 10:51 (PP)
9. Avalanche , Oleg Kvasha 5 (Jeff Taffe) at 15:39
Penalties :
Jason Pominville (Col) for Hooking (Minor) at 0:09, Marian Gaborik (Pho) for Tripping (Minor) at 1:22, Jiri Fischer (Pho) for Hooking (Minor) at 5:21, Denis Grebeshkov (Pho) for Holding (Minor) at 7:29, Chad Larose (Pho) for Holding Stick (Minor) at 9:49, Tom Poti (Pho) for Fighting (Major) at 15:40, Mike Comrie (Col) for Fighting (Major) at 15:40
Goalie Stats
Antti Niemi (Col), 38 saves from 39 shots - (0,974), W, 11-13-3, 60:00 minutes
Jean-Sébastien Giguère (Pho), 18 saves from 23 shots - (0,783), L, 20-21-2, 45:37 minutes
Peter Budaj (Pho), 3 saves from 6 shots - (0,500), 14:23 minutes
Players Stats for Avalanche
Player Name G A P +/- PIM S H SB GA TA FO MP PP MP PK MP
------------------------------------------------------------------------------------
Andrew Ladd 1 0 1 0 0 2 2 0 0 0 0/0 10:09 0:10 2:46
Chuck Kobasew 1 0 1 1 0 1 3 1 1 0 1/2 14:51 0:01 3:52
Dave Tanabe 1 0 1 4 0 2 3 1 2 1 0/0 19:22 1:33 2:15
Dustin Byfuglien 0 0 0 0 0 0 1 0 0 0 0/0 6:50 0:00 0:00
Éric Perrin 0 0 0 0 0 0 0 0 0 0 1/1 7:37 0:00 0:45
Jack Johnson 0 0 0 0 0 0 0 1 0 1 0/0 22:45 0:31 2:15
Jason Pominville 1 3 4 0 2 4 4 0 1 0 0/2 19:52 1:50 0:00
Jeff Taffe 0 1 1 1 0 2 1 2 0 0 0/0 15:50 0:00 1:08
Marc Staal 0 1 1 0 0 1 2 3 0 1 0/0 25:47 0:31 4:55
Mattias Norstrom 0 0 0 -1 0 0 2 0 1 0 0/0 14:51 0:00 0:00
Maxim Talbot 0 1 1 1 0 0 3 0 0 0 4/6 14:19 0:00 3:54
Mike Comrie 1 1 2 0 5 2 2 0 0 0 11/29 20:12 1:49 1:55
Oleg Kvasha 1 0 1 1 6 2 0 0 2 1 7/14 14:54 0:14 0:00
Ossi Vaananen 0 1 1 3 0 2 1 1 0 0 0/0 20:05 0:00 4:55
Radim Vrbata 1 0 1 2 0 4 3 0 0 0 1/3 16:18 0:14 0:00
Rostislav Olesz 0 1 1 1 0 1 0 0 0 0 0/0 10:38 0:14 0:00
Ryan Smyth 1 2 3 1 0 4 3 4 0 0 2/6 20:29 1:40 0:00
Sami Salo 0 2 2 0 0 2 0 1 1 0 0/0 17:10 1:33 0:00
Players Stats for Coyotes
Player Name G A P +/- PIM S H SB GA TA FO MP PP MP PK MP
------------------------------------------------------------------------------------
Brenden Morrow 0 0 0 0 0 4 1 0 1 2 2/2 22:14 3:56 0:40
Chad Larose 0 0 0 1 2 1 1 1 0 0 0/0 14:32 3:08 1:00
Christian Ehrhoff 0 0 0 -1 0 1 2 0 0 1 0/0 20:07 3:03 0:32
Craig Adams 0 0 0 -1 0 1 0 1 0 0 2/3 9:23 0:03 1:40
Denis Grebeshkov 0 0 0 0 2 1 1 0 0 1 0/0 16:24 3:03 0:00
Drew Miller 0 0 0 0 0 1 1 0 1 0 0/1 11:38 0:06 0:22
Frans Nielsen 0 0 0 -2 0 4 1 0 1 0 5/12 17:34 3:08 0:22
Jamal Mayers 0 0 0 -2 0 3 1 0 0 0 0/0 14:36 0:03 0:02
Jay Bouwmeester 0 0 0 -2 0 5 0 3 0 2 0/0 28:30 4:07 1:10
Jiri Fischer 0 0 0 0 2 0 0 0 0 0 0/0 12:22 0:00 0:22
Kurt Sauer 0 0 0 -1 0 0 0 2 0 1 0/0 16:29 0:00 0:54
Marian Gaborik 0 0 0 0 2 1 0 0 0 0 0/1 21:36 3:58 0:00
Maxim Lapierre 0 1 1 1 0 2 0 0 0 0 1/3 10:38 0:00 0:00
Riley Cote 0 0 0 -1 0 3 2 0 0 0 0/0 7:40 0:00 0:00
Sergei Samsonov 0 0 0 -2 0 1 3 3 1 1 0/1 17:12 3:08 0:00
Tim Connolly 0 0 0 -1 0 6 1 1 0 0 26/40 22:25 3:59 0:02
Todd Marchant 0 0 0 -1 0 1 0 0 0 0 0/0 7:40 0:00 0:00
Tom Poti 1 0 1 -2 5 4 1 1 0 0 0/0 26:05 4:07 1:10
3 Stars
1 - Ryan Smyth (Col)
2 - Jason Pominville (Col)
3 - Dave Tanabe (Col)
Power Play
Avalanche - 4 on 4 Attempt(s) - 100,00%
Coyotes - 0 on 4 Attempt(s) - 0,00%
Penalty Kill
Avalanche - 4 on 4 Attempt(s) - 100,00%
- Score 0 goal in Penalty Kill
Coyotes - 0 on 4 Attempt(s) - 0,00%
- Score 0 goal in Penalty Kill
Official
Referees : Hebert Ghislain and Sutherland Kelly
Linesman : Mark Shewchyk and Don Henderson
Game Notes
Peter Budaj enters game at 5:37 of 3rd period
Tom Poti and Mike Comrie fight to a draw at 15:40 of 3rd period
Finance
Level 1 -- Attendance: 4985 (83,08%) -- Ticket Income 473 575 $
Level 2 -- Attendance: 4614 (92,28%) -- Ticket Income 262 998 $
Level 3 -- Attendance: 1888 (94,40%) -- Ticket Income 60 416 $
Level 4 -- Attendance: 3812 (95,30%) -- Ticket Income 68 616 $
Luxury Box -- Attendance: 803 (80,30%) -- Ticket Income 152 570 $
Game was played at the The Pack Center
Total Attendance: 16102 (89,46%)
Total Ticket Income: 1 018 175 $
Total Income: 1 018 175 $
Avalanche
5 vs 5 Forward
Center Left Wing Right Wing Time % Phy DF OF
1 Mike Comrie Ryan Smyth Jason Pominville 40 1 2 2
2 Oleg Kvasha Jeff Taffe Radim Vrbata 30 1 2 2
3 Maxim Talbot Rostislav Olesz Chuck Kobasew 20 1 2 2
4 Éric Perrin Andrew Ladd Dustin Byfuglien 10 2 2 1
5 vs 5 Defense
Defense Defense Time % Phy DF OF
1 Marc Staal Jack Johnson 40 1 2 2
2 Ossi Vaananen Dave Tanabe 30 1 2 2
3 Mattias Norstrom Sami Salo 30 1 2 2
4 Jack Johnson Marc Staal 0 1 2 2
PowerPlay Forward
Center Left Wing Right Wing Time % Phy DF OF
1 Mike Comrie Ryan Smyth Jason Pominville 60 1 2 2
2 Oleg Kvasha Rostislav Olesz Radim Vrbata 40 1 2 2
PowerPlay Defense
Defense Defense Time % Phy DF OF
1 Dave Tanabe Sami Salo 60 1 2 2
2 Marc Staal Jack Johnson 40 1 2 2
Penalty Kill 4 Players Forward
Center Wing Time % Phy DF OF
1 Maxim Talbot Chuck Kobasew 60 1 2 2
2 Mike Comrie Andrew Ladd 40 1 2 2
Penalty Kill 4 Players Defense
Defense Defense Time % Phy DF OF
1 Marc Staal Ossi Vaananen 60 1 2 2
2 Jack Johnson Dave Tanabe 40 1 2 2
Penalty Kill - 3 Players Forward
Forward Time % Phy DF OF
1 Ryan Smyth 60 1 2 2
2 Jason Pominville 40 1 2 2
Penalty Kill - 3 Players Defense
Defense Defense Time % Phy DF OF
1 Marc Staal Ossi Vaananen 60 1 2 2
2 Jack Johnson Dave Tanabe 40 1 2 2
4 vs 4 Forward
Center Wing Time % Phy DF OF
1 Ryan Smyth Jason Pominville 60 1 2 2
2 Oleg Kvasha Mike Comrie 40 1 2 2
4 vs 4 Defense
Defense Defense Time % Phy DF OF
1 Dave Tanabe Sami Salo 60 1 2 2
2 Marc Staal Jack Johnson 40 1 2 2
Last Minutes Offensive
Center Left Wing Right Wing Defense Defense
Mike Comrie Ryan Smyth Jason Pominville Dave Tanabe Sami Salo
Last Minutes Defensive
Center Left Wing Right Wing Defense Defense
Mike Comrie Ryan Smyth Jason Pominville Marc Staal Jack Johnson
Goaltenders
Starting : Antti Niemi
Backup : Patrick Lalime
Extra Forwards
Normal : Radim Vrbata, Chuck Kobasew, Andrew Ladd - PP : Andrew Ladd, Dustin Byfuglien - PK : Andrew Ladd
Extra Defensemen
Normal : Ossi Vaananen, Jack Johnson, Marc Staal - PP : Ossi Vaananen - PK : Jack Johnson, Marc Staal
Penalty Shots
Ryan Smyth, Oleg Kvasha, Andrew Ladd, Radim Vrbata, Mike Comrie
Coyotes
5 vs 5 Forward
Center Left Wing Right Wing Time % Phy DF OF
1 Tim Connolly Brenden Morrow Marian Gaborik 40 1 2 2
2 Frans Nielsen Sergei Samsonov Jamal Mayers 30 1 2 2
3 Maxim Lapierre Drew Miller Chad Larose 20 1 2 2
4 Todd Marchant Riley Cote Craig Adams 10 1 2 2
5 vs 5 Defense
Defense Defense Time % Phy DF OF
1 Jay Bouwmeester Tom Poti 40 1 2 2
2 Christian Ehrhoff Kurt Sauer 30 1 2 2
3 Denis Grebeshkov Jiri Fischer 20 1 2 2
4 Jay Bouwmeester Tom Poti 10 1 2 2
PowerPlay Forward
Center Left Wing Right Wing Time % Phy DF OF
1 Tim Connolly Brenden Morrow Marian Gaborik 60 1 2 2
2 Frans Nielsen Sergei Samsonov Chad Larose 40 1 2 2
PowerPlay Defense
Defense Defense Time % Phy DF OF
1 Jay Bouwmeester Tom Poti 60 1 2 2
2 Christian Ehrhoff Denis Grebeshkov 40 1 2 2
Penalty Kill 4 Players Forward
Center Wing Time % Phy DF OF
1 Craig Adams Chad Larose 60 1 2 2
2 Frans Nielsen Drew Miller 40 1 2 2
Penalty Kill 4 Players Defense
Defense Defense Time % Phy DF OF
1 Jay Bouwmeester Tom Poti 60 1 2 2
2 Jiri Fischer Kurt Sauer 40 1 2 2
Penalty Kill - 3 Players Forward
Forward Time % Phy DF OF
1 Chad Larose 60 1 2 2
2 Drew Miller 40 1 2 2
Penalty Kill - 3 Players Defense
Defense Defense Time % Phy DF OF
1 Jay Bouwmeester Tom Poti 60 1 2 2
2 Jiri Fischer Kurt Sauer 40 1 2 2
4 vs 4 Forward
Center Wing Time % Phy DF OF
1 Tim Connolly Marian Gaborik 60 1 2 2
2 Frans Nielsen Brenden Morrow 40 1 2 2
4 vs 4 Defense
Defense Defense Time % Phy DF OF
1 Jay Bouwmeester Tom Poti 60 1 2 2
2 Christian Ehrhoff Kurt Sauer 40 1 2 2
Last Minutes Offensive
Center Left Wing Right Wing Defense Defense
Tim Connolly Brenden Morrow Marian Gaborik Jay Bouwmeester Tom Poti
Last Minutes Defensive
Center Left Wing Right Wing Defense Defense
Tim Connolly Brenden Morrow Marian Gaborik Jay Bouwmeester Tom Poti
Goaltenders
Starting : Jean-Sébastien Giguère
Backup : Peter Budaj
Extra Forwards
Normal : Drew Miller, Jamal Mayers, Craig Adams - PP : Drew Miller, Jamal Mayers - PK : Craig Adams
Extra Defensemen
Normal : Denis Grebeshkov, Jiri Fischer, Christian Ehrhoff - PP : Denis Grebeshkov - PK : Jiri Fischer, Christian Ehrhoff
Penalty Shots
Marian Gaborik, Brenden Morrow, Tim Connolly, Frans Nielsen, Sergei Samsonov
% Time on Ice - Avalanche
Lines # - Real PCT - Wanted PCT - Time Play
Normal Forward
1 - 36% - 40% - 18:06
2 - 29% - 30% - 14:40
3 - 21% - 20% - 10:24
4 - 14% - 10% - 6:50
Normal Defense
1 - 41% - 40% - 20:21
2 - 30% - 30% - 14:48
3 - 30% - 30% - 14:51
4 - 0% - 0% - 0:00
PP Forward
1 - 89% - 60% - 1:50
2 - 11% - 40% - 0:14
PP Defense
1 - 75% - 60% - 1:33
2 - 25% - 40% - 0:31
PK Forward
1 - 73% - 60% - 5:15
2 - 27% - 40% - 1:55
PK Defense
1 - 69% - 60% - 4:55
2 - 31% - 40% - 2:15
PK3 Forward
1 - 0% - 60%
2 - 0% - 40%
PK3 Defense
1 - 0% - 60%
2 - 0% - 40%
44 Forward
1 - 100% - 60% - 0:46
2 - 0% - 40% - 0:00
44 Defense
1 - 100% - 60% - 0:46
2 - 0% - 40% - 0:00
Last Minute Offensive - 0:00
Last Minute Defensive - 0:00
Total
Forward - 60:00
Defense - 60:00
|
% Time on Ice - Coyotes
Lines # - Real PCT - Wanted PCT - Time Play
Normal Forward
1 - 35% - 40% - 17:38
2 - 28% - 30% - 14:04
3 - 21% - 20% - 10:38
4 - 15% - 10% - 7:40
Normal Defense
1 - 40% - 40% - 20:01
2 - 31% - 30% - 15:36
3 - 23% - 20% - 11:40
4 - 5% - 10% - 2:43
PP Forward
1 - 56% - 60% - 4:02
2 - 44% - 40% - 3:08
PP Defense
1 - 57% - 60% - 4:07
2 - 43% - 40% - 3:03
PK Forward
1 - 100% - 60% - 2:04
2 - 0% - 40% - 0:00
PK Defense
1 - 56% - 60% - 1:10
2 - 44% - 40% - 0:54
PK3 Forward
1 - 0% - 60%
2 - 0% - 40%
PK3 Defense
1 - 0% - 60%
2 - 0% - 40%
44 Forward
1 - 100% - 60% - 0:46
2 - 0% - 40% - 0:00
44 Defense
1 - 83% - 60% - 0:38
2 - 17% - 40% - 0:08
Last Minute Offensive - 0:00
Last Minute Defensive - 0:00
Total
Forward - 60:00
Defense - 60:00
|
Play by Play
1st period
0:01 of 1st period - Mike Comrie wins face-off versus Tim Connolly in neutral zone.
1:25 of 1st period - Andrew Ladd is hit by Riley Cote and loses puck.
1:30 of 1st period - Snap shot by Riley Cote.
1:30 of 1st period - Stopped by Antti Niemi with a rebound.
1:32 of 1st period - Slapshot by Todd Marchant.
1:32 of 1st period - Shot Misses the Net.
1:34 of 1st period - Snap shot by Todd Marchant.
1:34 of 1st period - Stopped by Antti Niemi without a rebound.
1:35 of 1st period - Tim Connolly wins face-off versus Mike Comrie in Avalanche zone.
2:05 of 1st period - Radim Vrbata is hit by Sergei Samsonov and loses puck.
2:22 of 1st period - Slapshot by Sami Salo.
2:22 of 1st period - Stopped by Jean-Sébastien Giguère without a rebound.
2:23 of 1st period - Chuck Kobasew wins face-off versus Maxim Lapierre in Coyotes zone.
2:26 of 1st period - Snap shot by Rostislav Olesz.
2:26 of 1st period - Stopped by Jean-Sébastien Giguère without a rebound.
2:27 of 1st period - Tim Connolly wins face-off versus Mike Comrie in Coyotes zone.
2:27 of 1st period - Tim Connolly is hit by Jason Pominville.
3:52 of 1st period - Slapshot by Éric Perrin.
3:52 of 1st period - Shot Blocked by Tom Poti.
3:54 of 1st period - Wrist shot by Ossi Vaananen.
3:54 of 1st period - Stopped by Jean-Sébastien Giguère without a rebound.
3:55 of 1st period - Tim Connolly wins face-off versus Oleg Kvasha in Coyotes zone.
3:59 of 1st period - Off-side.
4:00 of 1st period - Tim Connolly wins face-off versus Oleg Kvasha in neutral zone.
4:36 of 1st period - Snap shot by Frans Nielsen.
4:36 of 1st period - Stopped by Antti Niemi without a rebound.
4:37 of 1st period - Maxim Talbot wins face-off versus Frans Nielsen in Avalanche zone.
5:47 of 1st period - Sami Salo is hit by Jamal Mayers and loses puck.
6:18 of 1st period - Slapshot by Sergei Samsonov.
6:18 of 1st period - Stopped by Antti Niemi with a rebound.
6:54 of 1st period - Snap shot by Frans Nielsen.
6:54 of 1st period - Shot Misses the Net.
6:56 of 1st period - Slapshot by Tom Poti.
6:56 of 1st period - Shot Misses the Net.
7:08 of 1st period - Wrist shot by Jamal Mayers.
7:08 of 1st period - Shot Misses the Net.
7:22 of 1st period - Snap shot by Frans Nielsen.
7:22 of 1st period - Shot Misses the Net.
7:24 of 1st period - Wrist shot by Frans Nielsen.
7:24 of 1st period - Stopped by Antti Niemi with a rebound.
7:26 of 1st period - Slapshot by Jay Bouwmeester.
7:26 of 1st period - Shot Blocked by Jack Johnson.
7:28 of 1st period - Wrist shot by Jamal Mayers.
7:28 of 1st period - Deflect By Marc Staal.
7:28 of 1st period - Shot Blocked by Marc Staal.
7:28 of 1st period - Puck is out of play.
7:29 of 1st period - Mike Comrie wins face-off versus Tim Connolly in Avalanche zone.
7:29 of 1st period - Mike Comrie is hit by Christian Ehrhoff.
7:37 of 1st period - Snap shot by Ryan Smyth.
7:37 of 1st period - Shot Misses the Net.
7:41 of 1st period - Slapshot by Ryan Smyth.
7:41 of 1st period - Deflect By Jason Pominville.
7:41 of 1st period - Stopped by Jean-Sébastien Giguère without a rebound.
7:42 of 1st period - Mike Comrie wins face-off versus Tim Connolly in Coyotes zone.
7:43 of 1st period - Wrist shot by Ryan Smyth.
7:43 of 1st period - Shot Misses the Net.
7:45 of 1st period - Slapshot by Ossi Vaananen.
7:45 of 1st period - Shot Misses the Net.
7:47 of 1st period - Wrist shot by Mike Comrie.
7:47 of 1st period - Stopped by Jean-Sébastien Giguère with a rebound.
7:49 of 1st period - Snap shot by Ossi Vaananen.
7:49 of 1st period - Stopped by Jean-Sébastien Giguère without a rebound.
7:50 of 1st period - Tim Connolly wins face-off versus Mike Comrie in Coyotes zone.
8:17 of 1st period - Snap shot by Brenden Morrow.
8:17 of 1st period - Stopped by Antti Niemi with a rebound.
8:58 of 1st period - Jiri Fischer is hit by Dave Tanabe and loses puck.
9:17 of 1st period - Oleg Kvasha is hit by Chad Larose and loses puck.
9:50 of 1st period - Jiri Fischer is hit by Andrew Ladd and loses puck.
10:01 of 1st period - Snap shot by Jason Pominville.
10:01 of 1st period - Shot Misses the Net.
10:43 of 1st period - Jay Bouwmeester is hit by Chuck Kobasew and loses puck.
11:57 of 1st period - Snap shot by Andrew Ladd.
11:57 of 1st period - Stopped by Jean-Sébastien Giguère with a rebound.
12:19 of 1st period - Marian Gaborik is hit by Jason Pominville.
13:10 of 1st period - Jiri Fischer is hit by Maxim Talbot and loses puck.
13:24 of 1st period - Icing by Oleg Kvasha.
13:25 of 1st period - Frans Nielsen wins face-off versus Oleg Kvasha in Avalanche zone.
13:26 of 1st period - Slapshot by Sergei Samsonov.
13:26 of 1st period - Shot Misses the Net.
13:28 of 1st period - Snap shot by Jay Bouwmeester.
13:28 of 1st period - Stopped by Antti Niemi with a rebound.
13:36 of 1st period - Christian Ehrhoff is hit by Radim Vrbata and loses puck.
14:40 of 1st period - Wrist shot by Riley Cote.
14:40 of 1st period - Stopped by Antti Niemi with a rebound.
14:44 of 1st period - Wrist shot by Tom Poti.
14:44 of 1st period - Stopped by Antti Niemi without a rebound.
14:45 of 1st period - Tim Connolly wins face-off versus Mike Comrie in Avalanche zone.
14:48 of 1st period - Snap shot by Tim Connolly.
14:48 of 1st period - Stopped by Antti Niemi without a rebound.
14:49 of 1st period - Tim Connolly wins face-off versus Mike Comrie in Avalanche zone.
15:37 of 1st period - Snap shot by Éric Perrin.
15:37 of 1st period - Shot Blocked by Chad Larose.
15:45 of 1st period - Slapshot by Tom Poti.
15:45 of 1st period - Shot Misses the Net.
15:47 of 1st period - Slapshot by Chad Larose.
15:47 of 1st period - Deflect By Maxim Lapierre.
15:47 of 1st period - Shot Misses the Net.
15:47 of 1st period - Puck is out of play.
15:48 of 1st period - Tim Connolly wins face-off versus Mike Comrie in Avalanche zone.
15:51 of 1st period - Snap shot by Brenden Morrow.
15:51 of 1st period - Stopped by Antti Niemi with a rebound.
15:58 of 1st period - Off-side.
15:59 of 1st period - Ryan Smyth wins face-off versus Tim Connolly in neutral zone.
16:12 of 1st period - Wrist shot by Tim Connolly.
16:12 of 1st period - Stopped by Antti Niemi with a rebound.
16:28 of 1st period - Minor Penalty to Oleg Kvasha for Slashing.
16:29 of 1st period - Maxim Talbot wins face-off versus Tim Connolly in Avalanche zone.
16:42 of 1st period - Snap shot by Tim Connolly.
16:42 of 1st period - Stopped by Antti Niemi with a rebound.
16:44 of 1st period - Slapshot by Jay Bouwmeester.
16:44 of 1st period - Shot Blocked by Marc Staal.
16:58 of 1st period - Maxim Talbot is hit by Sergei Samsonov and loses puck.
17:03 of 1st period - Snap shot by Frans Nielsen.
17:03 of 1st period - Shot Misses the Net.
17:25 of 1st period - Wrist shot by Jeff Taffe.
17:25 of 1st period - Shot Misses the Net.
17:49 of 1st period - Jack Johnson is hit by Denis Grebeshkov and loses puck.
18:10 of 1st period - Chad Larose is hit by Ossi Vaananen and loses puck.
18:28 of 1st period - Penalty to Oleg Kvasha is over, Oleg Kvasha is back on ice.
18:32 of 1st period - Wrist shot by Ryan Smyth.
18:32 of 1st period - Shot Misses the Net.
19:04 of 1st period - Snap shot by Maxim Lapierre.
19:04 of 1st period - Stopped by Antti Niemi with a rebound.
19:30 of 1st period - Christian Ehrhoff is hit by Jason Pominville.
2nd period
0:01 of 2nd period - Tim Connolly wins face-off versus Mike Comrie in neutral zone.
0:12 of 2nd period - Snap shot by Jason Pominville.
0:12 of 2nd period - Shot Blocked by Jay Bouwmeester.
0:14 of 2nd period - Slapshot by Dave Tanabe.
0:14 of 2nd period - Stopped by Jean-Sébastien Giguère without a rebound.
0:15 of 2nd period - Oleg Kvasha wins face-off versus Frans Nielsen in Coyotes zone.
0:30 of 2nd period - Slapshot by Jamal Mayers.
0:30 of 2nd period - Shot Misses the Net.
1:08 of 2nd period - Snap shot by Chuck Kobasew.
1:08 of 2nd period - Goal by Chuck Kobasew - Avalanche : 1 - Coyotes : 0.
1:09 of 2nd period - Mike Comrie wins face-off versus Tim Connolly in neutral zone.
1:41 of 2nd period - Snap shot by Frans Nielsen.
1:41 of 2nd period - Stopped by Antti Niemi without a rebound.
1:42 of 2nd period - Mike Comrie wins face-off versus Tim Connolly in Avalanche zone.
1:54 of 2nd period - Wrist shot by Christian Ehrhoff.
1:54 of 2nd period - Shot Misses the Net.
1:56 of 2nd period - Slapshot by Christian Ehrhoff.
1:56 of 2nd period - Stopped by Antti Niemi without a rebound.
1:57 of 2nd period - Oleg Kvasha wins face-off versus Sergei Samsonov in Avalanche zone.
2:05 of 2nd period - Wrist shot by Radim Vrbata.
2:05 of 2nd period - Shot Misses the Net.
2:11 of 2nd period - Wrist shot by Jeff Taffe.
2:11 of 2nd period - Shot Blocked by Jay Bouwmeester.
2:13 of 2nd period - Slapshot by Oleg Kvasha.
2:13 of 2nd period - Stopped by Jean-Sébastien Giguère without a rebound.
2:14 of 2nd period - Tim Connolly wins face-off versus Jason Pominville in Coyotes zone.
3:15 of 2nd period - Off-side.
3:16 of 2nd period - Brenden Morrow wins face-off versus Oleg Kvasha in neutral zone.
3:21 of 2nd period - Wrist shot by Radim Vrbata.
3:21 of 2nd period - Stopped by Jean-Sébastien Giguère with a rebound.
3:23 of 2nd period - Wrist shot by Oleg Kvasha.
3:23 of 2nd period - Shot Misses the Net.
3:25 of 2nd period - Snap shot by Ossi Vaananen.
3:25 of 2nd period - Shot Blocked by Jay Bouwmeester.
3:28 of 2nd period - Minor Penalty to Oleg Kvasha for Holding.
3:29 of 2nd period - Tim Connolly wins face-off versus Maxim Talbot in Avalanche zone.
3:38 of 2nd period - Slapshot by Brenden Morrow.
3:38 of 2nd period - Stopped by Antti Niemi without a rebound.
3:39 of 2nd period - Maxim Talbot wins face-off versus Tim Connolly in Avalanche zone.
4:02 of 2nd period - Slapshot by Marian Gaborik.
4:02 of 2nd period - Shot Blocked by Ossi Vaananen.
4:18 of 2nd period - Snap shot by Marian Gaborik.
4:18 of 2nd period - Stopped by Antti Niemi without a rebound.
4:19 of 2nd period - Mike Comrie wins face-off versus Frans Nielsen in Avalanche zone.
5:28 of 2nd period - Penalty to Oleg Kvasha is over, Oleg Kvasha is back on ice.
5:53 of 2nd period - Wrist shot by Ryan Smyth.
5:53 of 2nd period - Stopped by Jean-Sébastien Giguère with a rebound.
5:59 of 2nd period - Slapshot by Tom Poti.
5:59 of 2nd period - Goal by Tom Poti - Avalanche : 1 - Coyotes : 1.
6:00 of 2nd period - Tim Connolly wins face-off versus Ryan Smyth in neutral zone.
6:25 of 2nd period - Oleg Kvasha is hit by Sergei Samsonov and loses puck.
6:56 of 2nd period - Slapshot by Maxim Lapierre.
6:56 of 2nd period - Deflect By Chad Larose.
6:56 of 2nd period - Stopped by Antti Niemi with a rebound.
6:58 of 2nd period - Backhand shot by Tom Poti.
6:58 of 2nd period - Shot Blocked by Marc Staal.
7:00 of 2nd period - Slapshot by Jay Bouwmeester.
7:00 of 2nd period - Deflect By Jack Johnson.
7:00 of 2nd period - Stopped by Antti Niemi without a rebound.
7:01 of 2nd period - Tim Connolly wins face-off versus Mike Comrie in Avalanche zone.
7:02 of 2nd period - Slapshot by Marian Gaborik.
7:02 of 2nd period - Shot Blocked by Ryan Smyth.
7:04 of 2nd period - Wrist shot by Brenden Morrow.
7:04 of 2nd period - Shot Blocked by Ryan Smyth.
7:06 of 2nd period - Slapshot by Brenden Morrow.
7:06 of 2nd period - Stopped by Antti Niemi with a rebound.
7:08 of 2nd period - Snap shot by Marian Gaborik.
7:08 of 2nd period - Shot Misses the Net.
7:33 of 2nd period - Wrist shot by Ryan Smyth.
7:33 of 2nd period - Stopped by Jean-Sébastien Giguère without a rebound.
7:34 of 2nd period - Oleg Kvasha wins face-off versus Tim Connolly in Coyotes zone.
7:47 of 2nd period - Jiri Fischer is hit by Radim Vrbata and loses puck.
8:08 of 2nd period - Slapshot by Sergei Samsonov.
8:08 of 2nd period - Deflect By Maxim Talbot.
8:08 of 2nd period - Shot Misses the Net.
8:08 of 2nd period - Puck is out of play.
8:09 of 2nd period - Mike Comrie wins face-off versus Frans Nielsen in Avalanche zone.
8:20 of 2nd period - Wrist shot by Mike Comrie.
8:20 of 2nd period - Shot Blocked by Sergei Samsonov.
8:24 of 2nd period - Wrist shot by Ryan Smyth.
8:24 of 2nd period - Shot Blocked by Sergei Samsonov.
9:57 of 2nd period - Icing by Tim Connolly.
9:58 of 2nd period - Tim Connolly wins face-off versus Oleg Kvasha in Coyotes zone.
10:11 of 2nd period - Snap shot by Marian Gaborik.
10:11 of 2nd period - Shot Blocked by Jeff Taffe.
10:21 of 2nd period - Marian Gaborik is hit by Jeff Taffe and loses puck.
10:54 of 2nd period - Snap shot by Tim Connolly.
10:54 of 2nd period - Stopped by Antti Niemi without a rebound.
10:55 of 2nd period - Frans Nielsen wins face-off versus Mike Comrie in Avalanche zone.
11:04 of 2nd period - Wrist shot by Jason Pominville.
11:04 of 2nd period - Goal by Jason Pominville - Avalanche : 2 - Coyotes : 1.
11:05 of 2nd period - Frans Nielsen wins face-off versus Mike Comrie in neutral zone.
11:05 of 2nd period - Jay Bouwmeester is hit by Dave Tanabe and loses puck.
11:16 of 2nd period - Snap shot by Frans Nielsen.
11:16 of 2nd period - Stopped by Antti Niemi without a rebound.
11:17 of 2nd period - Frans Nielsen wins face-off versus Mike Comrie in Avalanche zone.
11:39 of 2nd period - Minor Penalty to Oleg Kvasha for Roughing.
11:40 of 2nd period - Tim Connolly wins face-off versus Maxim Talbot in Avalanche zone.
11:41 of 2nd period - Snap shot by Marian Gaborik.
11:41 of 2nd period - Deflect By Chuck Kobasew.
11:41 of 2nd period - Shot Misses the Net.
11:41 of 2nd period - Puck is out of play.
11:42 of 2nd period - Tim Connolly wins face-off versus Chuck Kobasew in Avalanche zone.
11:57 of 2nd period - Jay Bouwmeester is hit by Maxim Talbot and loses puck.
12:14 of 2nd period - Slapshot by Frans Nielsen.
12:14 of 2nd period - Shot Misses the Net.
12:46 of 2nd period - Tim Connolly is hit by Maxim Talbot.
12:56 of 2nd period - Sergei Samsonov is hit by Andrew Ladd and loses puck.
13:39 of 2nd period - Penalty to Oleg Kvasha is over, Oleg Kvasha is back on ice.
14:19 of 2nd period - Denis Grebeshkov is hit by Mattias Norstrom and loses puck.
14:54 of 2nd period - Icing by Chad Larose.
14:55 of 2nd period - Éric Perrin wins face-off versus Maxim Lapierre in Coyotes zone.
15:14 of 2nd period - Frans Nielsen is hit by Mattias Norstrom and loses puck.
15:39 of 2nd period - Brenden Morrow is hit by Radim Vrbata and loses puck.
15:44 of 2nd period - Wrist shot by Oleg Kvasha.
15:44 of 2nd period - Shot Misses the Net.
15:46 of 2nd period - Slapshot by Ossi Vaananen.
15:46 of 2nd period - Deflect By Jeff Taffe.
15:46 of 2nd period - Stopped by Jean-Sébastien Giguère with a rebound.
16:06 of 2nd period - Snap shot by Riley Cote.
16:06 of 2nd period - Stopped by Antti Niemi with a rebound.
16:08 of 2nd period - Snap shot by Tom Poti.
16:08 of 2nd period - Stopped by Antti Niemi without a rebound.
16:09 of 2nd period - Tim Connolly wins face-off versus Oleg Kvasha in Avalanche zone.
16:18 of 2nd period - Wrist shot by Tim Connolly.
16:18 of 2nd period - Shot Misses the Net.
16:34 of 2nd period - Jamal Mayers is hit by Jason Pominville and loses puck.
17:13 of 2nd period - Dave Tanabe is hit by Riley Cote and loses puck.
17:57 of 2nd period - Wrist shot by Radim Vrbata.
17:57 of 2nd period - Stopped by Jean-Sébastien Giguère with a rebound.
18:37 of 2nd period - Tim Connolly is hit by Ryan Smyth and loses puck.
18:44 of 2nd period - Slapshot by Ryan Smyth.
18:44 of 2nd period - Stopped by Jean-Sébastien Giguère without a rebound.
18:45 of 2nd period - Frans Nielsen wins face-off versus Mike Comrie in Coyotes zone.
18:58 of 2nd period - Wrist shot by Frans Nielsen.
18:58 of 2nd period - Deflect By Sergei Samsonov.
18:58 of 2nd period - Shot Misses the Net.
18:58 of 2nd period - Puck is out of play.
18:59 of 2nd period - Mike Comrie wins face-off versus Tim Connolly in Avalanche zone.
18:59 of 2nd period - Mike Comrie is hit by Brenden Morrow.
19:48 of 2nd period - Chuck Kobasew is hit by Drew Miller.
3rd period
0:01 of 3rd period - Tim Connolly wins face-off versus Mike Comrie in neutral zone.
0:09 of 3rd period - Minor Penalty to Jason Pominville for Hooking.
0:10 of 3rd period - Maxim Talbot wins face-off versus Tim Connolly in Avalanche zone.
0:42 of 3rd period - Off-side.
0:43 of 3rd period - Brenden Morrow wins face-off versus Mike Comrie in neutral zone.
1:08 of 3rd period - Sergei Samsonov is hit by Chuck Kobasew and loses puck.
1:22 of 3rd period - Minor Penalty to Marian Gaborik for Tripping.
1:23 of 3rd period - Ryan Smyth wins face-off versus Tim Connolly in Coyotes zone.
1:24 of 3rd period - Slapshot by Dave Tanabe.
1:24 of 3rd period - Shot Misses the Net.
1:26 of 3rd period - Wrist shot by Radim Vrbata.
1:26 of 3rd period - Stopped by Jean-Sébastien Giguère with a rebound.
1:32 of 3rd period - Wrist shot by Radim Vrbata.
1:32 of 3rd period - Goal by Radim Vrbata - Avalanche : 3 - Coyotes : 1.
1:33 of 3rd period - Tim Connolly wins face-off versus Ryan Smyth in neutral zone.
1:38 of 3rd period - Slapshot by Tom Poti.
1:38 of 3rd period - Stopped by Antti Niemi with a rebound.
1:40 of 3rd period - Slapshot by Tom Poti.
1:40 of 3rd period - Shot Blocked by Dave Tanabe.
1:42 of 3rd period - Wrist shot by Drew Miller.
1:42 of 3rd period - Shot Blocked by Sami Salo.
2:00 of 3rd period - Tom Poti is hit by Ryan Smyth.
2:09 of 3rd period - Penalty to Jason Pominville is over, Jason Pominville is back on ice.
2:38 of 3rd period - Wrist shot by Andrew Ladd.
2:38 of 3rd period - Shot Blocked by Craig Adams.
2:40 of 3rd period - Snap shot by Andrew Ladd.
2:40 of 3rd period - Goal by Andrew Ladd - Avalanche : 4 - Coyotes : 1.
2:41 of 3rd period - Oleg Kvasha wins face-off versus Tim Connolly in neutral zone.
2:44 of 3rd period - Wrist shot by Radim Vrbata.
2:44 of 3rd period - Shot Misses the Net.
3:03 of 3rd period - Icing by Jack Johnson.
3:04 of 3rd period - Mike Comrie wins face-off versus Frans Nielsen in Avalanche zone.
3:29 of 3rd period - Sami Salo is hit by Christian Ehrhoff and loses puck.
4:12 of 3rd period - Backhand shot by Éric Perrin.
4:12 of 3rd period - Shot Misses the Net.
5:21 of 3rd period - Minor Penalty to Jiri Fischer for Hooking.
5:22 of 3rd period - Craig Adams wins face-off versus Ryan Smyth in Coyotes zone.
5:33 of 3rd period - Snap shot by Ryan Smyth.
5:33 of 3rd period - Deflect By Jason Pominville.
5:33 of 3rd period - Stopped by Jean-Sébastien Giguère with a rebound.
5:35 of 3rd period - Slapshot by Sami Salo.
5:35 of 3rd period - Deflect By Chad Larose.
5:35 of 3rd period - Stopped by Jean-Sébastien Giguère with a rebound.
5:37 of 3rd period - Slapshot by Dave Tanabe.
5:37 of 3rd period - Goal by Dave Tanabe - Avalanche : 5 - Coyotes : 1.
5:37 of 3rd period - Peter Budaj enters game.
5:38 of 3rd period - Mike Comrie wins face-off versus Tim Connolly in neutral zone.
5:41 of 3rd period - Slapshot by Marc Staal.
5:41 of 3rd period - Shot Blocked by Tim Connolly.
5:43 of 3rd period - Slapshot by Jason Pominville.
5:43 of 3rd period - Stopped by Peter Budaj without a rebound.
5:44 of 3rd period - Tim Connolly wins face-off versus Mike Comrie in Coyotes zone.
5:53 of 3rd period - Snap shot by Brenden Morrow.
5:53 of 3rd period - Shot Blocked by Ryan Smyth.
6:17 of 3rd period - Slapshot by Frans Nielsen.
6:17 of 3rd period - Shot Blocked by Jeff Taffe.
6:19 of 3rd period - Snap shot by Jamal Mayers.
6:19 of 3rd period - Stopped by Antti Niemi with a rebound.
6:21 of 3rd period - Slapshot by Jay Bouwmeester.
6:21 of 3rd period - Stopped by Antti Niemi with a rebound.
6:31 of 3rd period - Slapshot by Marc Staal.
6:31 of 3rd period - Shot Blocked by Kurt Sauer.
7:29 of 3rd period - Minor Penalty to Denis Grebeshkov for Holding.
7:30 of 3rd period - Mike Comrie wins face-off versus Craig Adams in Coyotes zone.
7:43 of 3rd period - Snap shot by Mike Comrie.
7:43 of 3rd period - Goal by Mike Comrie - Avalanche : 6 - Coyotes : 1.
7:44 of 3rd period - Tim Connolly wins face-off versus Jason Pominville in neutral zone.
7:44 of 3rd period - Tim Connolly is hit by Mike Comrie.
8:14 of 3rd period - Wrist shot by Jamal Mayers.
8:14 of 3rd period - Stopped by Antti Niemi with a rebound.
8:42 of 3rd period - Snap shot by Drew Miller.
8:42 of 3rd period - Stopped by Antti Niemi without a rebound.
8:43 of 3rd period - Tim Connolly wins face-off versus Mike Comrie in Avalanche zone.
8:55 of 3rd period - Snap shot by Brenden Morrow.
8:55 of 3rd period - Shot Blocked by Ryan Smyth.
8:57 of 3rd period - Snap shot by Tim Connolly.
8:57 of 3rd period - Stopped by Antti Niemi without a rebound.
8:58 of 3rd period - Oleg Kvasha wins face-off versus Frans Nielsen in Avalanche zone.
9:06 of 3rd period - Slapshot by Oleg Kvasha.
9:06 of 3rd period - Shot Misses the Net.
9:08 of 3rd period - Slapshot by Jack Johnson.
9:08 of 3rd period - Shot Blocked by Sergei Samsonov.
9:10 of 3rd period - Slapshot by Marc Staal.
9:10 of 3rd period - Stopped by Peter Budaj with a rebound.
9:12 of 3rd period - Wrist shot by Jeff Taffe.
9:12 of 3rd period - Shot Blocked by Kurt Sauer.
9:14 of 3rd period - Slapshot by Oleg Kvasha.
9:14 of 3rd period - Shot Misses the Net.
9:49 of 3rd period - Minor Penalty to Chad Larose for Holding Stick.
9:50 of 3rd period - Craig Adams wins face-off versus Mike Comrie in Coyotes zone.
10:01 of 3rd period - Wrist shot by Jason Pominville.
10:01 of 3rd period - Shot Misses the Net.
10:51 of 3rd period - Snap shot by Ryan Smyth.
10:51 of 3rd period - Goal by Ryan Smyth - Avalanche : 7 - Coyotes : 1.
10:52 of 3rd period - Tim Connolly wins face-off versus Oleg Kvasha in neutral zone.
10:55 of 3rd period - Slapshot by Tom Poti.
10:55 of 3rd period - Shot Hit the Post.
11:17 of 3rd period - Tom Poti is hit by Marc Staal.
11:39 of 3rd period - Maxim Lapierre is hit by Dustin Byfuglien and loses puck.
13:10 of 3rd period - Snap shot by Maxim Lapierre.
13:10 of 3rd period - Stopped by Antti Niemi without a rebound.
13:11 of 3rd period - Oleg Kvasha wins face-off versus Drew Miller in Avalanche zone.
13:38 of 3rd period - Tom Poti is hit by Mike Comrie.
13:56 of 3rd period - Mattias Norstrom is hit by Frans Nielsen and loses puck.
14:58 of 3rd period - Icing by Tim Connolly.
14:59 of 3rd period - Tim Connolly wins face-off versus Ryan Smyth in Coyotes zone.
15:25 of 3rd period - Icing by Ossi Vaananen.
15:26 of 3rd period - Oleg Kvasha wins face-off versus Frans Nielsen in Avalanche zone.
15:26 of 3rd period - Oleg Kvasha is hit by Tom Poti.
15:34 of 3rd period - Frans Nielsen is hit by Dave Tanabe and loses puck.
15:39 of 3rd period - Snap shot by Oleg Kvasha.
15:39 of 3rd period - Goal by Oleg Kvasha - Avalanche : 8 - Coyotes : 1.
15:40 of 3rd period - Tim Connolly wins face-off versus Mike Comrie in neutral zone.
15:40 of 3rd period - Tom Poti and Mike Comrie fight to a draw.
15:40 of 3rd period - Penalty to Tom Poti for Fighting.
15:40 of 3rd period - Penalty to Mike Comrie for Fighting.
15:41 of 3rd period - Radim Vrbata wins face-off versus Marian Gaborik in neutral zone.
15:48 of 3rd period - Wrist shot by Marian Gaborik.
15:48 of 3rd period - Shot Misses the Net.
15:50 of 3rd period - Slapshot by Tim Connolly.
15:50 of 3rd period - Stopped by Antti Niemi with a rebound.
15:52 of 3rd period - Slapshot by Jay Bouwmeester.
15:52 of 3rd period - Stopped by Antti Niemi without a rebound.
15:53 of 3rd period - Tim Connolly wins face-off versus Radim Vrbata in Avalanche zone.
16:42 of 3rd period - Wrist shot by Jamal Mayers.
16:42 of 3rd period - Stopped by Antti Niemi with a rebound.
16:44 of 3rd period - Snap shot by Sergei Samsonov.
16:44 of 3rd period - Shot Blocked by Chuck Kobasew.
16:46 of 3rd period - Slapshot by Denis Grebeshkov.
16:46 of 3rd period - Stopped by Antti Niemi with a rebound.
16:48 of 3rd period - Slapshot by Jay Bouwmeester.
16:48 of 3rd period - Stopped by Antti Niemi without a rebound.
16:49 of 3rd period - Maxim Lapierre wins face-off versus Radim Vrbata in Avalanche zone.
17:43 of 3rd period - Wrist shot by Craig Adams.
17:43 of 3rd period - Stopped by Antti Niemi with a rebound.
18:01 of 3rd period - Jeff Taffe is hit by Tim Connolly and loses puck.
18:20 of 3rd period - Drew Miller is hit by Chuck Kobasew and loses puck.
18:57 of 3rd period - Denis Grebeshkov is hit by Marc Staal and loses puck.
19:25 of 3rd period - Slapshot by Jeff Taffe.
19:25 of 3rd period - Stopped by Peter Budaj with a rebound.
19:42 of 3rd period - Kurt Sauer is hit by Ryan Smyth and loses puck.
Output by the SimonT Hockey Simulator (STHS) for François Prévost -- Original Page W3C XHTML 1.0 Valid